 Dungeon Crawl Stone Soup version 0.21.0-3-g78d12a8 (webtiles) character file.

20146 letownia2 the Grappler (level 12, -4/63 HPs)
             Began as a Vine Stalker Wizard on Jan 12, 2018.
             Was an Initiate of Gozag.
             Slain by a yak (10 damage)
             ... on level 4 of the Lair of Beasts.
             The game lasted 00:41:31 (12699 turns).

letownia2 the Grappler (Vine Stalker Wizard)       Turns: 12699, Time: 00:41:31

Health: -4/63      AC: 12    Str: 15    XL:     12   Next: 76%
Magic:  0/25       EV: 12    Int: 18    God:    Gozag
Gold:   1122       SH:  5    Dex: 13    Spells: 13/28 levels left

rFire    . . .     SeeInvis .     - Unarmed
rCold    . . .     Gourm    .   y - +0 buckler
rNeg     . . .     Faith    .   r - +0 ring mail
rPois    +         Spirit   +   S - +2 helmet
rElec    .         Reflect  .   (no cloak)
rCorr    .         Harm     .   s - +1 pair of gloves
MR       +....                  k - +0 pair of boots
Stlth    +.........             (no amulet)
HPRegen  1.00/turn              T - ring of poison resistance
MPRegen  0.19/turn              E - ring of wizardry

@: gold aura, very slightly contaminated
A: fangs 3, regeneration 2, magic shield, antimagic bite, no potion heal 3, rot
immunity
a: Potion Petition, Call Merchant, Bribe Branch, Renounce Religion


You were on level 4 of the Lair of Beasts.
You worshipped Gozag.
Gozag was most pleased with you.
You were very hungry.

You visited 3 branches of the dungeon, and saw 15 of its levels.
You also visited: Ossuary.

You collected 3058 gold pieces.
You paid 1936 gold pieces to Gozag.

Inventory:

Hand Weapons
 b - a +2 flail of holy wrath
 c - a +0 blowgun
Missiles
 a - 7 javelins (quivered)
 o - 45 poisoned needles
Armour
 k - a +0 pair of boots (worn)
 r - a +0 ring mail (worn)
 s - a +1 pair of gloves (worn)
 y - a +0 buckler (worn)
 S - a +2 helmet (worn)
Magical Staves
 X - an uncursed staff of cold
Jewellery
 n - an uncursed ring of protection from cold
 q - an uncursed ring of see invisible
 E - a ring of wizardry (right hand)
 T - a ring of poison resistance (left hand)
Wands
 f - a wand of flame (22)
 x - a wand of iceblast (1)
 H - a wand of paralysis (4)
 L - a wand of digging (11)
 U - a wand of acid (10)
Scrolls
 e - a scroll of holy word {unknown}
 g - 7 scrolls of remove curse
 h - 3 scrolls of fog
 i - 11 scrolls of identify
 j - 3 scrolls of enchant weapon {unknown}
 p - a scroll of random uselessness {unknown}
 u - 2 scrolls of amnesia {unknown}
 v - a scroll of enchant armour
 w - 3 scrolls of teleportation
 C - 3 scrolls of fear {unknown}
 F - 4 scrolls of magic mapping {unknown}
 G - 2 scrolls of acquirement {unknown}
 I - 3 scrolls of blinking {unknown}
 P - 3 scrolls of immolation {unknown}
 Z - a scroll of silence {unknown}
Potions
 l - a potion of magic
 m - 2 potions of berserk rage
 z - 5 potions of curing
 A - 2 potions of agility
 B - 2 potions of might
 D - 4 potions of brilliance
 J - 2 potions of flight
 M - 2 potions of cancellation
 O - 2 potions of invisibility
 R - 2 potions of ambrosia
 V - 2 potions of haste
Miscellaneous
 W - a box of beasts
Comestibles
 d - 24 rations


   Skills:
 - Level 7.0 Fighting
 + Level 3.7 Armour
 + Level 4.2 Dodging
 - Level 2.4 Stealth
 * Level 3.7 Shields
 + Level 14.4 Unarmed Combat
 + Level 8.6 Spellcasting
 - Level 3.4 Conjurations
 - Level 1.0 Summonings
 - Level 1.0 Translocations
 - Level 1.2 Fire Magic
 - Level 1.2 Air Magic
 - Level 1.2 Poison Magic
 - Level 1.1 Evocations


You had 13 spell levels left.
You knew the following spells:

 Your Spells              Type           Power        Failure   Level  Hunger
a - Magic Dart            Conj           ###.         1%          1    None
b - Blink                 Tloc           N/A          7%          2    None
c - Conjure Flame         Conj/Fire      ###.....     9%          3    None
e - Mephitic Cloud        Conj/Pois/Air  ##......     10%         3    None
i - Call Imp              Summ           ##......     7%          2    None
x - Dazzling Spray        Conj/Hex       ##....       11%         3    None
z - Summon Butterflies    Summ           ##......     4%          1    None


Dungeon Overview and Level Annotations

Branches:
Dungeon (10/15)            Temple (1/1) D:5            Lair (4/6) D:9
  Swamp (0/4) Lair:3       Spider (0/4) Lair:2
    Orc: D:9-12

Altars:
Ashenzari
Cheibriados
Fedhas
Gozag
Hepliaklqana
Nemelex Xobeh
Okawaru
Sif Muna
Uskayaw
Vehumet

Shops:
D:5 (   D:8 :   Lair:2 [[


Innate Abilities, Weirdness & Mutations

You have razor-sharp teeth.
You heal very quickly.
When hurt, damage is shared between your health and your magic reserves.
Your bite disrupts and absorbs the magic of your enemies.
Potions cannot restore your health.
You are immune to rotting.


Message History

You hit the komodo dragon. Your bite misses the komodo dragon.
The komodo dragon is almost dead.
The blink frog hits you!
The blink frog blinks!
The yak gores you!
* * * LOW HITPOINT WARNING * * *
The komodo dragon bites you!
* * * LOW HITPOINT WARNING * * *
Unknown command.
Unknown command.
Unknown command.
Unknown command.
Casting: Mephitic Cloud
Confirm with . or Enter, or press ? or * to list all spells.
You don't have enough magic to cast that spell.
Unknown command.
Unknown command.
The yak completely misses the komodo dragon.
The yak is distracted by the nearby gold.
The yak gores you!
You die...
Your body crumbles into a pile of gold.

...............P.................
..............P..................
.................................
.................................
....#......Y.....................
#....#......F.F..................
.......#Y###.#.....##.....#..
.....F.##.#YYY.....###...###.
##.......Yl.@......###..P##..
#.......Y.Y$##...........##P.
#......##...##.....#P.......P
.#..... #..........##....P##.
#.....F....#............###. ...
.............###...##..
......#...##.....####..###.
...............####+###.
...................


You could see a komodo dragon, 6 yaks and 2 blink frogs.

Vanquished Creatures
  4 hydras
  Urug (Lair:2)
  Pikel (D:5)
  A cyclops (D:10)
  A black mamba (Lair:3)
  Psyche (D:9)
  A torpor snail (Lair:2)
  A centaur skeleton (D:10)
  6 spiny frogs
  A komodo dragon (Lair:2)
  A queen bee (D:10)
  A polar bear (Lair:4)
  2 trolls
  Prince Ribbit (D:7)
  3 hippogriffs
  2 blink frogs (Lair:4)
  Sigmund (D:6)
  13 yaks
  A wyvern (D:9)
  2 hungry ghosts
  3 basilisks
  Duvessa (D:6)
  6 water moccasins
  2 slaves (D:5)
  4 porcupines
  2 sky beasts
  A black bear (D:8)
  2 ice beasts
  A phantom (D:6)
  7 ogres
  2 orc warriors
  4 wolves (Lair:4)
  3 necrophages
  3 centaurs
  A big kobold (D:10)
  12 crocodiles
  5 elf zombies (Ossuary)
  Blork the orc (D:5)
  10 bullfrogs
  A gnoll sergeant (D:9)
  Dowan (D:6)
  5 scorpions
  A water moccasin skeleton (D:8)
  28 killer bees
  3 wights
  A howler monkey (D:9)
  3 crimson imps
  A quasit (D:9)
  5 hounds
  A jelly (D:7)
  2 centaur zombies
  2 bullfrog skeletons
  A gnoll shaman (D:6)
  4 orc priests
  2 iguanas
  13 orc wizards
  5 worker ants
  2 hound zombies (Ossuary)
  2 hound skeletons
  3 mummies (Ossuary)
  A howler monkey skeleton (D:4)
  A howler monkey zombie (D:6)
  10 adders
  21 gnolls
  3 adder zombies (Ossuary)
  3 adder skeletons
  A worm (D:4)
  2 dart slugs
  6 leopard geckos
  20 orcs
  A ball python (D:2)
  5 giant cockroaches
  4 goblins
  4 hobgoblins
  25 jackals
  5 quokkas
  4 bats
  A frilled lizard (D:2)
  A gnoll zombie (Ossuary)
  4 goblin zombies (Ossuary)
  3 hobgoblin zombies (Ossuary)
  A jackal zombie (Ossuary)
  8 kobolds
  5 kobold zombies (Ossuary)
  2 orc zombies (Ossuary)
  3 quokka zombies (Ossuary)
  7 rats
  6 rat zombies (Ossuary)
358 creatures vanquished.

Vanquished Creatures (collateral kills)
  A killer bee (D:10)
1 creature vanquished.

Vanquished Creatures (others)
  4 fungi
4 creatures vanquished.

Grand Total: 363 creatures vanquished

Notes
Turn   | Place    | Note
-------+----------+-------------------------------------------
     0 | D:1      | letownia2 the Vine Stalker Wizard began the quest for the Orb.
     0 | D:1      | Reached XP level 1. HP: 9/9 MP: 5/5
    81 | D:1      | Found a shattered altar of Ashenzari.
   500 | D:3      | Reached XP level 2. HP: 13/13 MP: 0/7
  1157 | D:4      | Reached XP level 3. HP: 16/16 MP: 3/8
  1228 | D:4      | Learned a level 3 spell: Mephitic Cloud
  1232 | D:4      | Learned a level 3 spell: Conjure Flame
  1605 | D:4      | Gained mutation: Your natural rate of healing is unusually fast. [Vine Stalker growth]
  1605 | D:4      | Reached XP level 4. HP: 21/21 MP: 3/9
  2024 | D:4      | Reached skill level 1 in Fire Magic
  2024 | D:4      | Reached skill level 1 in Air Magic
  2024 | D:4      | Reached skill level 1 in Poison Magic
  2122 | D:5      | Entered Level 5 of the Dungeon
  2128 | D:5      | Reached XP level 5. HP: 25/25 MP: 5/11
  2205 | D:5      | Reached skill level 1 in Fighting
  2231 | D:5      | Noticed Blork the orc
  2245 | D:5      | Killed Blork the orc
  2245 | D:5      | Reached XP level 6. HP: 30/30 MP: 2/13
  2278 | D:5      | Found a staircase to the Ecumenical Temple.
  2302 | Temple   | Entered the Ecumenical Temple
  2307 | Temple   | Became a worshipper of Gozag Ym Sagoz the Greedy
  2544 | D:4      | HP: 1/32 [howler monkey skeleton (3)]
  2882 | D:3      | Reached skill level 5 in Spellcasting
  3467 | D:2      | Reached XP level 7. HP: 32/35 MP: 7/16
  3778 | D:1      | Learned a level 2 spell: Blink
  4531 | D:5      | Noticed Pikel
  4809 | D:5      | Found Mezo's Antique Weapon Emporium.
  5164 | D:6      | Noticed Sigmund
  5190 | D:6      | Killed Sigmund
  5190 | D:6      | Gained mutation: You have razor-sharp teeth. [Vine Stalker growth]
  5190 | D:6      | Reached XP level 8. HP: 39/39 MP: 9/20
  5227 | D:6      | Reached skill level 1 in Evocations
  5432 | D:6      | Reached skill level 1 in Unarmed Combat
  5588 | D:6      | Noticed Duvessa
  5599 | D:6      | Noticed Dowan
  5669 | D:6      | Killed Duvessa
  5669 | D:6      | Reached skill level 2 in Unarmed Combat
  5676 | D:6      | Killed Dowan
  5752 | D:6      | Reached skill level 1 in Armour
  5752 | D:6      | Reached skill level 3 in Unarmed Combat
  5899 | D:7      | Reached XP level 9. HP: 45/45 MP: 16/22
  5917 | D:7      | Noticed Prince Ribbit
  5921 | D:7      | Killed Prince Ribbit
  5921 | D:7      | Reached skill level 4 in Unarmed Combat
  5996 | D:7      | Found a sparkling altar of Nemelex Xobeh.
  6200 | D:7      | Reached skill level 5 in Unarmed Combat
  6495 | D:8      | Reached skill level 6 in Unarmed Combat
  6543 | D:8      | Found a sand-covered staircase.
  6549 | Ossuary  | Entered an ossuary
  6920 | D:8      | Reached skill level 5 in Fighting
  6926 | D:8      | HP: 2/70 [wight/enchanted morningstar (3)]
  7010 | D:8      | Reached XP level 10. HP: 49/51 MP: 23/23
  7059 | D:8      | Reached skill level 7 in Unarmed Combat
  7464 | D:9      | Found a staircase to the Lair.
  7536 | D:9      | Noticed Psyche
  7556 | D:9      | Killed Psyche
  7556 | D:9      | Reached skill level 8 in Unarmed Combat
  7803 | D:9      | Reached skill level 9 in Unarmed Combat
  8482 | D:10     | Entered Level 10 of the Dungeon
  8556 | D:10     | Reached skill level 10 in Unarmed Combat
  8824 | D:10     | Reached XP level 11. HP: 45/56 MP: 24/24
  8892 | D:10     | Reached skill level 11 in Unarmed Combat
  9155 | D:5      | Killed Pikel
  9700 | D:10     | Reached skill level 12 in Unarmed Combat
  9826 | D:10     | Noticed a cyclops
  9839 | D:10     | Killed a cyclops
  9887 | Lair:1   | Entered Level 1 of the Lair of Beasts
  9892 | Lair:1   | Noticed a four-headed hydra
  9898 | Lair:1   | Killed a four-headed hydra
 10267 | Lair:1   | Learned a level 3 spell: Dazzling Spray
 10792 | Lair:2   | Found a hole to the Spider Nest.
 10799 | Lair:2   | Noticed a five-headed hydra
 10852 | Lair:2   | Killed a five-headed hydra
 10852 | Lair:2   | Reached skill level 13 in Unarmed Combat
 10916 | Lair:2   | Gained mutation: You heal very quickly. [Vine Stalker growth]
 10916 | Lair:2   | Reached XP level 12. HP: 60/63 MP: 25/25
 11023 | Lair:2   | Noticed Urug
 11048 | Lair:2   | Killed Urug
 11235 | Lair:2   | Reached skill level 14 in Unarmed Combat
 11501 | Lair:2   | Learned a level 2 spell: Call Imp
 11547 | Lair:3   | Noticed a catoblepas
 11905 | Lair:3   | Noticed a six-headed hydra
 11914 | Lair:3   | Killed a six-headed hydra
 11914 | Lair:3   | Reached skill level 1 in Shields
 11936 | Lair:3   | Found a staircase to the Swamp.
 12212 | Lair:4   | Noticed a six-headed hydra
 12276 | Lair:4   | Killed a six-headed hydra
 12407 | Lair:4   | Learned a level 1 spell: Summon Butterflies
 12699 | Lair:4   | Slain by a yak

Skill      XL: |  1  2  3  4  5  6  7  8  9 10 11 12 |
---------------+-------------------------------------+-----
Conjurations   | 2 3 |  3.4
Fire Magic     | 1 |  1.2
Air Magic      | 1 |  1.2
Poison Magic   | 1 |  1.2
Fighting       | 2 3 5 7 |  7.0
Spellcasting   | 4 5 7 8 |  8.6
Evocations     | 1 |  1.1
Unarmed Combat | 3 6 10 13 14 | 14.4
Armour         | 2 3 |  3.7
Dodging        | 3 4 |  4.2
Shields        | 3 |  3.7
Stealth        | |  2.4
Summonings     | |  1.0
Translocations | |  1.0

Action                   |  1- 3 |  4- 6 |  7- 9 | 10-12 || total
-------------------------+-------+-------+-------+-------++-------
Melee: Unarmed           |    13 |     2 |       |   284 ||   299
       Bite              |     2 |    29 |    60 |   152 ||   243
       Dagger            |       |   131 |    74 |       ||   205
       Punch             |       |       |     7 |    33 ||    40
       Flail             |       |       |   185 |   332 ||   517
 Fire: Blowgun           |       |    27 |    19 |       ||    46
Throw: Javelin           |       |       |       |     1 ||     1
 Cast: Magic Dart        |    64 |   102 |   194 |    57 ||   417
       Mephitic Cloud    |       |     6 |    25 |    29 ||    60
       Conjure Flame     |       |     1 |     7 |    30 ||    38
       Blink             |       |       |     3 |     8 ||    11
Invok: Call Merchant     |       |       |       |     3 ||     3
Evoke: Wand              |     3 |       |    41 |    17 ||    61
       Sack of spiders   |       |       |       |     1 ||     1
  Use: Scroll            |       |       |     7 |     8 ||    15
       Potion            |       |       |     1 |     1 ||     2
 Stab: Confused          |       |     3 |     4 |    10 ||    17
       Sleeping          |       |       |       |     1 ||     1
       Distracted        |       |       |       |     1 ||     1
       Held in net/web   |       |       |       |     1 ||     1
  Eat: Chunk             |     1 |     4 |       |     2 ||     7
       Ration            |       |     1 |     4 |     5 ||    10
Armor: Robe              |     3 |       |       |       ||     3
       Ring mail         |     7 |       |    76 |   225 ||   308
       Leather armour    |       |    58 |    33 |       ||    91
       Skin              |       |       |    23 |       ||    23
Dodge: Dodged            |    35 |    87 |   195 |   356 ||   673
Block: Buckler           |       |       |       |     9 ||     9
